 Dungeon Crawl Stone Soup version 0.29-a0-1023-g6ae1a4a2c7 (webtiles) character file.

Game seed: 4966399896276650903

31 siradein the Chopper (level 3, -4/49 HPs)
             Began as a Hill Orc Berserker on Aug 12, 2022.
             Was a Follower of Trog.
             Shot with a sling bullet by a goblin (6 damage)
             ... led by Robin
             ... on level 2 of the Dungeon.
             The game lasted 00:02:51 (1271 turns).

siradein the Chopper (Hill Orc Berserker)           Turns: 1271, Time: 00:02:52

Health: -4/49      AC:  2    Str: 21    XL:     3   Next: 22%
Magic:  3/3        EV: 12    Int:  7    God:    Trog [*.....]
Gold:   28         SH:  0    Dex: 10    Spells: 2/2 levels left

rFire   . . .      SeeInvis .   a - +0 hand axe
rCold   . . .      Faith    .   (no shield)
rNeg    . . .      Spirit   .   b - +0 animal skin
rPois   .          Reflect  .   (no helmet)
rElec   .          Harm     .   (no cloak)
rCorr   .          Rampage  .   (no gloves)
Will    .....                   (no boots)
Stlth   ..........              (no amulet)
HPRegen 0.16/turn               (no ring)
MPRegen 0.08/turn               (no ring)

@: berserking (expiring), very quick
A: no striking features
a: Renounce Religion, Berserk


You were on level 2 of the Dungeon.
You worshipped Trog.
Trog was aware of your devotion.
You visited 1 branch of the dungeon, and saw 2 of its levels.

You collected 28 gold pieces.

Inventory:

Hand Weapons
 a - a +0 hand axe (weapon)
Missiles
 d - 4 javelins (quivered)
Armour
 b - a +0 animal skin (worn)
Scrolls
 e - 3 scrolls of teleportation {unknown}
Potions
 c - a potion of brilliance {unknown}
 f - a potion of might {unknown}


   Skills:
 + Level 4.1 Fighting
 + Level 4.4 Axes
 + Level 2.6 Armour
 + Level 2.0 Dodging


You had 2 spell levels left.
You didn't know any spells.
Your spell library was empty.

Dungeon Overview and Level Annotations

Branches:
Dungeon (2/15)

Altars:

Annotations:
D:2 Robin


Message History

You hit the hobgoblin.
The hobgoblin is moderately wounded.
The goblin shoots a sling bullet.
The sling bullet closely misses you. The hobgoblin hits you.
You are too injured to fight recklessly!
You are too injured to fight recklessly!
Unknown command.
A red film seems to cover your vision as you go berserk!
You feel yourself moving faster!
You feel mighty!
The goblin shoots a sling bullet.
The sling bullet closely misses you. The hobgoblin hits you.
You closely miss the hobgoblin.
The hobgoblin is moderately wounded.
The goblin shoots a sling bullet.
The sling bullet hits you.
* * * LOW HITPOINT WARNING * * *
You hit the hobgoblin.
You kill the hobgoblin!
Trog accepts your kill. Robin throws the goblin at you!
* * * LOW HITPOINT WARNING * * *
The goblin closely misses you.
A goblin comes into view. It is wielding a +0 club.
The goblin shouts!
Robin throws the goblin at you!
* * * LOW HITPOINT WARNING * * *
A hobgoblin comes into view.
The goblin hits you with a +0 club.
* * * LOW HITPOINT WARNING * * *
The goblin shoots a sling bullet.
The sling bullet closely misses you.
The sling bullet barely misses the goblin.
You see here a +0 club.
You slash the goblin!
You kill the goblin!
Trog accepts your kill.
You slash the goblin!
You kill the goblin!
Trog accepts your kill.
A goblin comes into view. It is wielding a +0 dagger.
The goblin shoots a sling bullet.
The sling bullet hits you.
You die...

###.#.......#..
......>.###.##.
....#...#.#.##.
### #.....#.#..
#######...#.#.#.#
#.......†.#.#<#..
#.........# #...#
###.####.........#
#.#.#
.<.ggg.@)........#
#.#..
..#g##.#)........#
#.###
#...?.......# #..
##..........# ###
#....$.....#
#......#####
#......# #.####+#
#.


You could see Robin, a hobgoblin (strong) and 2 goblins.

Vanquished Creatures
  2 dart slugs (D:1)
  3 ball pythons
  An endoplasm (D:1)
  2 hobgoblins
  4 quokkas
  3 bats (D:1)
  6 goblins
  2 kobolds (D:1)
  3 rats (D:1)
26 creatures vanquished.

Notes
Turn   | Place    | Note
-------+----------+-------------------------------------------
     0 | D:1      | siradein the Hill Orc Berserker began the quest for the
                  | Orb.
     0 | D:1      | Reached XP level 1. HP: 19/19 MP: 1/1
   322 | D:1      | Reached XP level 2. HP: 26/27 MP: 2/2
  1193 | D:2      | Reached XP level 3. HP: 26/33 MP: 3/3
  1262 | D:2      | Noticed Robin
  1269 | D:2      | HP: 2/49 [goblin/+0 club[Robin] (6)]
  1271 | D:2      | Shot with a sling bullet by a goblin

Illustrated notes

Levels and vault maps discovered:
D:1:      amcnicky_arrival_feature_with_door, layout_loops_ring
D:2:      layout_basic, serial_shops, nicolae_shop_behind_doors, serial_curves,
          eino_curves_01, eino_curves_02, basic_altar, uniq_robin

Skill      XL: |  1  2 |
---------------+-------+-----
Fighting       | 4 |  4.1
Dodging        | 2 |  2.0
Axes           | |  4.4
Armour         | |  2.6

Action                   || total
-------------------------++-------
Melee: Hand axe          ||    70
       Punch             ||     2
Invok: Berserk           ||     1
 Stab: Sleeping          ||     1
Armor: Animal skin       ||    14
Dodge: Dodged            ||    48

Table legend: (Time is in decaauts)
 A = Elapsed time spent in this place.
 B = Non-inter-level travel time spent in this place.
 C = Inter-level travel time spent in this place.
 D = Time resting spent in this place.
 E = Time spent auto-exploring this place.
 F = Levels seen in this place.
 G = Mean time per level.
                   A        B        C        D        E       F      G
               +--------+--------+--------+--------+--------+-----+--------+
         Total |   1275 |   1189 |     86 |      0 |   1043 |   2 |  637.5 |
       Dungeon |   1275 |   1189 |     86 |      0 |   1043 |   2 |  637.5 |
               +--------+--------+--------+--------+--------+-----+--------+

Top non-repeatable levels by time:
     D:1: 1146 daAuts
     D:2: 129 daAuts
